Map: Ever Dream LE

Players

Throwfordays - Winner!

  • Race: Zerg Zerg
  • League: Silver
  • Spawn Location: 1:00

VOD

Have the link to the VOD?

Description

Time

  • Played on: June 29, 2020, 2:40 p.m.
  • Length: 14:08
Show
View Real Time Build Order
Export as new Build Order

Throwfordays Zerg - Winner!

Build Orders:  

Get SALT Encoding   

  12  0:01  Drone  
  13  0:18  Overlord  
  13  0:31  Drone  
  14  0:47  Drone x2  
  16  1:10  Hatchery  
  16  1:14  Drone  
  16  1:21  Extractor  
  16  1:23  Drone  
  16  1:26  Drone  
  17  1:50  Spawning Pool  
  16  2:03  Drone x2  
  16  2:08  Drone  
  19  2:20  Overlord  
  19  2:56  Queen  
  19  2:57  Queen  
  19  2:59  Zergling x2  
  24  3:03  Zergling x4  
  24  3:07  Zergling x2  
  27  3:41  Zergling x2  
  27  3:42  Zergling x4  
  27  3:47  Zergling x4  
  32  3:56  Overlord  
  32  4:01  Metabolic Boost  
  28  4:34  Baneling Nest  
  28  4:35  Zergling x8  
  28  4:36  Zergling x2  
  32  4:40  Zergling x4  
  32  4:41  Zergling x8  
  38  5:15  Drone  
  38  5:17  Overlord  
  39  5:21  Drone x2  
  39  5:25  Drone  
  40  5:44  Drone x3  
  40  5:47  Drone  
  40  5:48  Drone x2  
  46  5:52  Baneling x3  
  46  5:53  Baneling x4  
  46  6:02  Drone x2  
  35  6:51  Zergling x8  
  35  6:52  Zergling x2  
  35  6:55  Zergling x2  
  35  6:56  Zergling x10  
  45  7:06  Zergling x2  
  46  7:15  Extractor  
  46  7:16  Drone  
  46  7:20  Overlord  
  46  7:30  Drone  
  46  7:31  Lair  
  46  7:33  Drone x2  
  46  7:34  Drone  
  50  7:49  Baneling x7  
  50  7:50  Baneling x3  
  50  7:57  Zergling x8  
  54  8:02  Zergling x4  
  56  8:18  Baneling x4  
  56  8:26  Extractor  
  55  8:31  Extractor  
  38  9:23  Drone x3  
  38  9:24  Drone  
  38  9:25  Drone  
  38  9:26  Drone  
  44  9:32  Zergling x2  
  44  9:33  Zergling x4  
  44  9:37  Centrifical Hooks  
  46  9:41  Zergling x4  
  46  9:42  Zergling x10  
  46  9:43  Zergling x4  
  54  9:56  Drone  
  55  10:08  Zergling x2  
  56  10:26  Zergling x8  
  60  10:32  Baneling x3  
  60  10:35  Hatchery  
  53  11:03  Baneling x4  
  46  11:34  Zergling x4  
  46  11:35  Zergling x10  
  52  11:42  Zergling x2  
  52  11:43  Zergling x10  
  58  11:54  Extractor  
  57  12:07  Zergling x2  
  57  12:08  Zergling x2  
  59  12:14  Overlord  
  59  12:26  Zergling x8  
  63  12:31  Overlord x2  
  63  12:34  Zergling x2  
  63  12:37  Baneling x6  
  63  12:38  Baneling x8  
  64  12:45  Queen  
  64  12:46  Zergling x4  
  64  12:47  Zergling x2  
  69  12:56  Zergling x4  
  71  13:04  Zergling x4  
  71  13:05  Zergling x4  
  75  13:10  Zergling x8  
  75  13:15  Zergling x2  
Tags
 
League
Silver
Matchup
Co-op
Replay Pack
Multiplayer
Add a new tag
Caveats
  • Supply blocks, unpowered buildings, or Contaminate may cause inaccurate times.
  • Supply counts are checked every 10 seconds.